cohdb
Replays
Latest Replays
All Replays
Popular Replays
Top Player Replays
Match Explorer
How It Works
Community
CoH3 Stats
Reddit
Sign in to upload your games and track your stats! →
Sign in with Steam
Match 43243571
Unlisted
Match 43243571
Overview
Messages
Build Orders
End
Pioneer Squad
Construct Infanterie Kompanie
Grenadier Squad
Grenadier Squad
Grenadier Squad
Selects Breakthrough Battlegroup
Selects Assault Grenadiers
Infanterie Officer Quarters
MG 42 Machine Gun Team
Medical Bunker
Construct Panzergrenadier Kompanie
Selects Breakthrough
Selects Mechanized Assault Group
Pak 40 Anti-tank Gun Team
Mechanized Assault Group
Selects Rapid Production
Support Elements
StuG III G Assault Gun
Pioneer Squad
MG 42 Machine Gun Team
Selects Blitzkrieg
Mechanized Assault Group
Panzergrenadier Officer Quarters
Grenadier Squad
Selects Panzer IV Command Tank Sd.Kfz. 161/1
Selects Tiger Heavy Tank
Tiger Heavy Tank
Pioneer Squad
Blitzkrieg
北风卷地白草折
MERKAVA
robwarrior
一名蕉急的网友
0
0
Comments
sign in to comment!
No comments posted yet!